 Dungeon Crawl Stone Soup version 0.25.0-37-gb73750e0fb (webtiles) character file.

Game seed: 13838019409448828166

7672 nikku the Covert (level 11, -2/76 HPs)
             Began as an Octopode Assassin on July 7, 2020.
             Was an Elder of Dithmenos.
             Slain by a hippogriff (11 damage)
             ... on level 9 of the Dungeon on July 8, 2020.
             The game lasted 00:35:13 (10240 turns).

nikku the Covert (Octopode Assassin)               Turns: 10240, Time: 00:35:13

Health: -2/76      AC:  2    Str: 10    XL:     11   Next: 18%
Magic:  14/14      EV: 18    Int: 15    God:    Dithmenos [****..]
Gold:   541        SH:  0    Dex: 16    Spells: 12/15 levels left

rFire    . . .     SeeInvis .   a - +2 dagger
rCold    + . .     Gourm    .   (no shield)
rNeg     . . .     Faith    .   J - +1 hat {MR+}
rPois    .         Spirit   .   v - amulet of regeneration
rElec    .         Reflect  .   p - +4 ring of slaying
rCorr    .         Harm     .   q - ring of protection from cold
MR       +....                  (no ring)
Stlth    +++++++++.             (no ring)
HPRegen  0.62/turn              (no ring)
MPRegen  0.14/turn              (no ring)
                                (no ring)
                                (no ring)

@: wreathed by umbra
A: almost no armour, stealthy swim, amphibious, 8 rings, constrict 8, camouflage
1, gelatinous body 1
a: Shadow Step, Renounce Religion


You were on level 9 of the Dungeon.
You worshipped Dithmenos.
Dithmenos was greatly pleased with you.
You were not hungry.

You visited 1 branch of the dungeon, and saw 9 of its levels.

You collected 541 gold pieces.

Inventory:

Hand Weapons
 a - a +2 dagger (weapon)
 b - a +0 hunting sling
Missiles
 c - 5 curare-tipped darts
 l - 98 sling bullets
 n - 60 poisoned darts (quivered)
 y - 8 javelins
Armour
 J - a +1 hat of magic resistance (worn)
Jewellery
 p - a +4 ring of slaying (left tentacle)
 q - a ring of protection from cold (right tentacle)
 v - an amulet of regeneration (around mantle)
 D - an uncursed ring of fire
Wands
 s - a wand of paralysis (9)
 u - a wand of acid (19)
 A - a wand of polymorph (11)
 C - a wand of flame (16)
 H - a wand of enslavement (15)
 I - a wand of digging (6)
Scrolls
 f - 4 scrolls of teleportation
 h - a scroll of magic mapping
 x - a scroll of blinking
 z - a scroll of remove curse
 E - a scroll of identify
 G - a scroll of amnesia
 K - a scroll of fear {unknown}
 L - a scroll of enchant armour
Potions
 e - a potion of mutation
 g - a potion of haste
 i - 3 potions of curing
 k - a potion of magic
 m - 2 potions of flight
 o - 2 potions of ambrosia
 r - a potion of stabbing
 t - a potion of resistance
 w - 3 potions of heal wounds
 B - a potion of lignification
 F - a potion of cancellation
Comestibles
 d - 26 rations
 j - 2 chunks of flesh


   Skills:
 + Level 7.7 Fighting
 + Level 7.7 Short Blades
 - Level 1.0(4.4) Slings
 - Level 7.0(7.1) Throwing
 + Level 7.5 Dodging
 + Level 11.6 Stealth
 + Level 2.6 Spellcasting
 + Level 2.6 Hexes


You had 12 spell levels left.
You knew the following spells:

 Your Spells              Type           Power        Failure   Level  Hunger
a - Confusing Touch       Hex            #.......     22%         3    ###....

Your spell library contained the following spells:

 Spells                   Type           Power        Failure   Level  Hunger
 Beastly Appendage        Tmut           #.....       22%         1    #......
 Freeze                   Ice            #...         22%         1    #......
 Sticks to Snakes         Tmut           #.......     32%         2    ###....
 Frozen Ramparts          Ice            #.....       54%         3    ###....
 Gell's Gravitas          Tloc           #.........   54%         3    ###....
 Ozocubu's Armour         Chrm/Ice       #.......     54%         3    ###....
 Spider Form              Tmut/Pois      #.........   54%         3    ###....
 Hailstorm                Conj/Ice       #.......     91%         4    #####..
 Ice Form                 Ice/Tmut       #.......     91%         4    #####..
 Petrify                  Tmut/Erth      #.......     91%         4    #####..
 Summon Ice Beast         Ice/Summ       #.......     91%         4    #####..
 Metabolic Englaciation   Hex/Ice        #.........   98%         5    ######.
 Yara's Violent Unravell  Hex/Tmut       #.........   98%         5    ######.
 Blade Hands              Tmut           #.........   99%         5    ######.


Dungeon Overview and Level Annotations

Branches:
Dungeon (9/15)             Temple (0/1) D:4
   Lair: D:8-11         Orc: D:9-12

Altars:
Cheibriados
Dithmenos
Gozag
Nemelex Xobeh
Qazlal
Wu Jian
Zin

Shops:
D:6 [

Annotations:
D:8 3 runed translucent doors


Innate Abilities, Weirdness & Mutations

You cannot wear most types of armour.
You are very stealthy in the water. (Stealth+)
You are amphibious.
You can wear up to eight rings at the same time.
You can use your tentacles to constrict eight enemies at once.
Your skin changes colour to match your surroundings (Stealth+).
Your rubbery body absorbs attacks. (AC +1, EV +1)


Message History

You hit the hippogriff. You squeeze the hippogriff.
The hippogriff is heavily wounded.
You puncture the hippogriff! Your squeeze misses the hippogriff.
The hippogriff is severely wounded.
The hippogriff bites you! The hippogriff pecks you.
* * * LOW HITPOINT WARNING * * *
The hippogriff claws you.
* * * LOW HITPOINT WARNING * * *
You hit the hippogriff.
The hippogriff is severely wounded.
Your shadow closely misses the hippogriff.
You hit the hippogriff.
The hippogriff is almost dead.
The hippogriff misses you. The hippogriff pecks you!
* * * LOW HITPOINT WARNING * * *
The hippogriff closely misses you.
You hit the hippogriff.
The hippogriff is almost dead.
The hippogriff bites you!
You die...

....##.................# #......
....##.................# #......
....##.................# #F.....
....##.................# #......
.......................####......
...............).................
...#+######..###'#############'##
...#..............##......(......
##.#.......###..@†##.........(...
...#......#..###.H...........(...
...#......#....###..(.(....(.....
...#......#.###..###.((###.......
...#......#.#(#....###(..#....##.
...#......#.#.#.......##...#####.
...#......#...#........###.....#.
...#......#####...##..# ###...#.
.#.#......#...........# ###...


You could see a hippogriff (poisoned).

Vanquished Creatures
  Gastronok (D:9)
  A troll (D:7)
  Grinder (D:6)
  A slime creature (D:9)
  2 hippogriffs
  A yak (D:9)
  4 hogs (D:7)
  A human (D:7)
  A hungry ghost (D:7)
  Edmund (D:6)
  2 ice beasts (D:8)
  3 orc warriors (D:6)
  3 phantoms
  3 centaurs
  8 ogres
  2 crocodiles (D:7)
  A big kobold (D:7)
  7 bullfrogs
  2 scorpions
  5 wights (D:6)
  7 howler monkeys
  A crimson imp (D:8)
  2 jellies (D:7)
  7 orc wizards
  4 hounds
  A centaur zombie (D:9)
  2 gnoll shamans
  5 orc priests
  2 iguanas
  7 worker ants
  A killer bee zombie (D:8)
  A hound zombie (D:9)
  A worker ant zombie (D:8)
  11 adders
  7 gnolls
  A river rat (D:3)
  2 shadow imps (D:8)
  An ooze (D:2)
  3 worms
  An adder zombie (D:7)
  5 dart slugs
  2 leopard geckos
  30 orcs
  3 ball pythons
  6 giant cockroaches
  5 goblins
  11 hobgoblins
  16 jackals
  4 quokkas
  9 bats
  10 frilled lizards
  A jackal skeleton (D:4)
  21 kobolds
  A leopard gecko skeleton (D:7)
  A quokka skeleton (D:4)
  4 rats
246 creatures vanquished.

Vanquished Creatures (others)
  5 toadstools (D:1)
5 creatures vanquished.

Grand Total: 251 creatures vanquished

Notes
Turn   | Place    | Note
-------+----------+-------------------------------------------
     0 | D:1      | nikku the Octopode Assassin began the quest for the Orb.
     0 | D:1      | Reached XP level 1. HP: 14/14 MP: 1/1
   115 | D:1      | Reached XP level 2. HP: 19/19 MP: 2/2
   325 | D:1      | Reached XP level 3. HP: 21/24 MP: 3/3
  1264 | D:2      | Reached XP level 4. HP: 30/30 MP: 4/4
  1268 | D:2      | Found an opulent altar of Gozag.
  1380 | D:2      | Found a sparkling altar of Nemelex Xobeh.
  1406 | D:2      | Found an ornate altar of the Wu Jian Council.
  1452 | D:2      | Found a snail-covered altar of Cheibriados.
  1646 | D:2      | Found a shadowy altar of Dithmenos.
  1651 | D:2      | Became a worshipper of Dithmenos the Shadowed
  2158 | D:3      | Reached skill level 6 in Stealth
  2316 | D:3      | Upgraded the game from 0.25.0-33-gff14898491 to
                  | 0.25.0-37-gb73750e0fb
  2394 | D:3      | Reached XP level 5. HP: 20/36 MP: 5/5
  3696 | D:3      | Reached * piety under Dithmenos
  3705 | D:3      | Reached XP level 6. HP: 42/42 MP: 6/6
  3932 | D:3      | Found a faded altar of an unknown god.
  4817 | D:4      | Reached skill level 7 in Stealth
  4817 | D:4      | Reached XP level 7. HP: 44/47 MP: 7/7
  4932 | D:4      | Found a staircase to the Ecumenical Temple.
  5385 | D:5      | Entered Level 5 of the Dungeon
  5780 | D:5      | Reached ** piety under Dithmenos
  6255 | D:5      | Reached XP level 8. HP: 47/54 MP: 8/8
  6451 | D:5      | Reached skill level 8 in Stealth
  6753 | D:5      | Found a glowing silver altar of Zin.
  6918 | D:6      | Noticed Edmund
  6922 | D:6      | Noticed Grinder
  6923 | D:6      | Killed Edmund
  6928 | D:6      | Killed Grinder
  6928 | D:6      | Reached skill level 5 in Fighting
  6928 | D:6      | Reached skill level 5 in Short Blades
  6928 | D:6      | Reached skill level 5 in Throwing
  6952 | D:6      | Reached XP level 9. HP: 61/61 MP: 9/9
  6974 | D:6      | Reached skill level 5 in Dodging
  6974 | D:6      | Reached skill level 9 in Stealth
  7357 | D:6      | Reached *** piety under Dithmenos
  7700 | D:6      | Found Owasaow's Armour Shoppe.
  7951 | D:7      | Reached skill level 10 in Stealth
  8011 | D:7      | Reached XP level 10. HP: 69/69 MP: 10/10
  9112 | D:7      | Learned a level 3 spell: Confusing Touch
  9267 | D:8      | Found a stormy altar of Qazlal.
  9285 | D:8      | Reached **** piety under Dithmenos
  9300 | D:8      | Reached skill level 11 in Stealth
  9328 | D:8      | Reached skill level 1 in Slings
  9495 | D:8      | Found a runed translucent gate.
  9495 | D:8      | Found a runed translucent gate.
  9495 | D:8      | Found a runed translucent gate.
  9496 | D:8      | Noticed a purple ugly thing
  9497 | D:8      | Noticed a cyan ugly thing
  9497 | D:8      | Noticed a cyan ugly thing
  9501 | D:8      | Noticed a red ugly thing
  9502 | D:8      | Noticed a purple ugly thing
  9872 | D:9      | Noticed Gastronok
  9886 | D:9      | Killed Gastronok
  9886 | D:9      | Reached XP level 11. HP: 46/75 MP: 11/14
 10240 | D:9      | Slain by a hippogriff

Illustrated notes

Levels and vault maps discovered:
D:1:      ldierk_walled_garden, layout_basic
D:2:      layout_basic, lemuel_doored_altar, old_standard_altar,
          nemelex_altar_shiori, lemuel_round_altar, grunt_dithmenos_smoke
D:3:      layout_rooms, chequers_ecumenical_altar_island, portal_sewer_entry_c,
          first_ration
D:4:      layout_basic, temple_green
D:5:      layout_basic, lemuel_crystal_altar, hangedman_abyss_or_decor_passed,
          kennysheep_nondescript, minmay_starry_boxes
D:6:      layout_rooms, serial_shops, nicolae_shop_competitors_out_of_business,
          uniq_grinder, uniq_edmund
D:7:      layout_basic, hex_medium, grunt_livestock
D:8:      layout_gridville, lemuel_crystal_altar,
          ploomutoo_gammafunk_ghost_potion_laboratory
D:9:      minmay_the_grid_triangle_9x9_rhombus_thin_mashed
          [minmay_the_grid_triangle_9x9_dagger,
          minmay_the_grid_triangle_9x9_prize_insulated,
          minmay_the_grid_triangle_9x9_intruding_spiral,
          minmay_the_grid_triangle_9x9_from_above], layout_stronghold,
          vehumet_altar_wand_db, gammafunk_temple_overflow_arena, uniq_gastronok

Skill      XL: |  1  2  3  4  5  6  7  8  9 10 |
---------------+-------------------------------+-----
Dodging        | 2 3 4 6 7 |  7.5
Stealth        | 6 7 8 10 11 | 11.6
Fighting       | 3 4 5 6 7 |  7.7
Short Blades   | 3 4 5 6 7 |  7.7
Throwing       | 3 4 5 6 7 |  7.0
Slings         | 1 |  1.0
Spellcasting   | 2 |  2.6
Hexes          | 2 |  2.6

Action                   |  1- 3 |  4- 6 |  7- 9 | 10-12 || total
-------------------------+-------+-------+-------+-------++-------
Melee: Dagger            |    51 |   112 |   182 |   167 ||   512
       Tentacles         |     7 |    21 |    37 |    33 ||    98
       Constrict         |     8 |    26 |    34 |    20 ||    88
 Fire: Hunting sling     |       |    34 |    69 |    14 ||   117
Throw: Dart              |    25 |     6 |    17 |    44 ||    92
  Use: Scroll            |     1 |     6 |     8 |     5 ||    20
       Potion            |       |     1 |       |       ||     1
 Stab: Sleeping          |    10 |    18 |    17 |    24 ||    69
       Distracted        |       |       |     2 |       ||     2
  Eat: Chunk             |     1 |    11 |    10 |     9 ||    31
Armor: Skin              |     8 |     8 |     1 |     2 ||    19
Dodge: Dodged            |    28 |    87 |    96 |    87 ||   298
